 Dungeon Crawl Stone Soup version 0.23.2-40-g277498a001 (webtiles) character file.

Game seed: 5775130344554585098

10868 Exodus22XD the Cleaver (level 11, -3/84 HPs)
             Began as a Demonspawn Fighter on Sept 6, 2019.
             Was a Follower of Uskayaw.
             Slain by Agnes
             ... wielding a +1 vampiric lajatang
              (24 damage)
             ... on level 14 of the Dungeon.
             The game lasted 00:47:43 (10078 turns).

Exodus22XD the Cleaver (Demonspawn Fighter)        Turns: 10078, Time: 00:47:44

Health: -3/84      AC: 23    Str: 25      XL:     11   Next: 41%
Magic:  17/17      EV:  9    Int:  9      God:    Uskayaw [*.....]
Gold:   699        SH: 12    Dex: 14 (15) Spells: 10/10 levels left

rFire    . . .     SeeInvis .   H - +0 broad axe
rCold    . . .     Gourm    .   c - +0 shield
rNeg     . . .     Faith    .   J - +7 scale mail of Jacwu {+Fly Str+5}
rPois    .         Spirit   .   (helmet unavailable)
rElec    .         Reflect  .   B - scarf {repulsion}
rCorr    .         Harm     +   N - +1 pair of gloves
MR       .....                  (no boots)
Stlth    ..........             u - amulet of harm
HPRegen  0.24/turn              s - +2 ring of dexterity
MPRegen  0.15/turn              A - +3 ring of protection

@: repel missiles
A: horns 3, yellow scales 2, powered by death 2, spiny 1
a: Stomp, Renounce Religion, Evoke Flight


You were on level 14 of the Dungeon.
You worshipped Uskayaw.
Uskayaw was aware of your devotion.
You were not hungry.

You visited 1 branch of the dungeon, and saw 14 of its levels.

You collected 699 gold pieces.

Inventory:

Hand Weapons
 p - a +0 hand axe
 r - a +0 morningstar
 y - a +0 flail
 H - a +0 broad axe (weapon)
Armour
 a - a +0 cloak of magic resistance
 c - a +0 shield (worn)
 B - a scarf of repulsion (worn)
 J - the +7 scale mail of Jacwu (worn) {+Fly Str+5}
   (You found it on level 9 of the Dungeon)

   It affects your strength (+5).
   It lets you fly.
 L - a +3 scale mail of positive energy
 N - a +1 pair of gloves (worn)
Jewellery
 m - an uncursed amulet of the acrobat
 s - a +2 ring of dexterity (left hand)
 u - an amulet of harm (around neck)
 A - a +3 ring of protection (right hand)
 F - an uncursed ring of protection from magic
Wands
 I - a wand of enslavement (3)
 M - a wand of iceblast (5)
 O - a wand of random effects (21)
Scrolls
 b - a scroll of acquirement
 e - 11 scrolls of remove curse
 i - 3 scrolls of fear
 j - 2 scrolls of enchant weapon
 k - 3 scrolls of amnesia
 q - 6 scrolls of teleportation
 t - 7 scrolls of fog
 C - a scroll of immolation {unknown}
 D - 3 scrolls of enchant armour {unknown}
 K - 2 scrolls of magic mapping {unknown}
 R - a scroll of vulnerability {unknown}
Potions
 d - 4 potions of might
 g - 2 potions of brilliance
 h - a potion of magic
 l - 6 potions of curing
 n - 2 potions of agility {unknown}
 o - 2 potions of lignification {unknown}
 v - a potion of berserk rage {unknown}
 w - 2 potions of degeneration {unknown}
 x - 2 potions of invisibility
 z - 2 potions of haste {unknown}
 E - 2 potions of resistance
 G - 4 potions of mutation {unknown}
 S - 2 potions of flight {unknown}
Comestibles
 f - 26 rations
 P - 6 chunks of flesh


   Skills:
 + Level 7.4 Fighting
 * Level 9.5(9.6) Axes
 - Level 2.0(6.3) Maces & Flails
 + Level 7.6 Armour
 + Level 1.0 Dodging
 + Level 8.2 Shields
 * Level 8.7 Invocations


You had 10 spell levels left.
You didn't know any spells.
Your spell library contained the following spells:

 Spells                   Type           Power        Failure   Level  Hunger
 Animate Skeleton         Necr           N/A          91%         1    ##.....
 Apportation              Tloc           #.....       91%         1    ##.....
 Beastly Appendage        Tmut           #.....       91%         1    ##.....
 Confusing Touch          Hex            #.....       91%         1    ##.....
 Corona                   Hex            #......      91%         1    ##.....
 Flame Tongue             Conj/Fire      #....        91%         1    ##.....
 Freeze                   Ice            #...         91%         1    ##.....
 Summon Small Mammal      Summ           #...         91%         1    ##.....
 Corpse Rot               Necr           N/A          97%         2    ###....
 Ensorcelled Hibernation  Hex/Ice        #.....       97%         2    ###....
 Passwall                 Tmut/Erth      #.......     97%         2    ###....
 Sticks to Snakes         Tmut           #.......     97%         2    ###....
 Throw Flame              Conj/Fire      #.....       97%         2    ###....
 Confuse                  Hex            #.......     99%         3    ####...
 Conjure Flame            Conj/Fire      #.......     99%         3    ####...
 Dazzling Spray           Conj/Hex       #.....       99%         3    ####...
 Gell's Gravitas          Tloc           #.........   99%         3    ####...
 Ignite Poison            Fire/Tmut/Pois #.......     99%         3    ####...
 Inner Flame              Hex/Fire       #.......     99%         3    ####...
 Spider Form              Tmut/Pois      #.........   99%         3    ####...
 Tukima's Dance           Hex            #.......     99%         3    ####...
 Vampiric Draining        Necr           #.........   99%         3    ####...
 Ice Form                 Ice/Tmut       #.......     100%        4    #####..
 Petrify                  Tmut/Erth      #.......     100%        4    #####..
 Sticky Flame             Conj/Fire      #.......     100%        4    #####..
 Throw Icicle             Conj/Ice       #.......     100%        4    #####..
 Blade Hands              Tmut           #.........   100%        5    ######.
 Fireball                 Conj/Fire      #.........   100%        5    ######.
 Metabolic Englaciation   Hex/Ice        #.........   100%        5    ######.
 Yara's Violent Unravell  Hex/Tmut       #.........   100%        5    ######.
 Bolt of Fire             Conj/Fire      #.........   100%        6    #######
 Dragon Form              Tmut           #.........   100%        7    #######
 Ring of Flames           Chrm/Fire      #.........   100%        7    #######
 Ignition                 Fire           #.........   100%        8    #######


Dungeon Overview and Level Annotations

Branches:
Dungeon (13/15)            Temple (0/1) D:6            Lair (0/6) D:10
    Orc: D:9-12      Vaults: D:13-14

Altars:
Cheibriados
Fedhas
Hepliaklqana
Qazlal
Sif Muna
Uskayaw
Zin
Beogh

Shops:
D:10 %

Annotations:
D:14 Agnes


Innate Abilities, Weirdness & Mutations

You have a pair of large horns on your head.
You are mostly covered in yellow scales. (AC +3)
You regenerate health from kills.
You are partially covered in sharp spines.


Message History

Found a club.
There is an open door here.
Press: ? - help, v - describe, . - travel
Here: Agnes, wielding a +1 vampiric lajatang and wearing a +0 robe The floor.
Agnes is nearby!
Agnes hits you with a +1 vampiric lajatang!
You block Agnes's attack.
You slice Agnes!! Your headbutt misses Agnes.
Agnes is heavily wounded.
Agnes is struck by your spines.
Agnes hits you with a +1 vampiric lajatang!!
Agnes draws strength from your wounds!
You closely miss Agnes.
Agnes is moderately wounded.
Agnes hits you with a +1 vampiric lajatang!!
* * * LOW HITPOINT WARNING * * *
Agnes draws strength from your wounds! You block Agnes's attack.
Agnes hits you with a +1 vampiric lajatang!!
You die...

#..#...#........##...
#..##.##.#...#..#####
#).......##.##..#
#.######.^.....## #.#
#..##..## #.#
#.....##
#.#####..#####
#.......#
####@#######
#..i.....# #........#
#........# #........#
#....)...# #........+
#........# #........#


You could see Agnes.

Vanquished Creatures
  A two-headed ogre (D:9)
  A centaur warrior (D:8)
  A tengu warrior (D:8)
  A cyclops (D:11)
  A deep elf mage (D:8)
  A kobold demonologist (D:8)
  4 trolls
  Prince Ribbit (D:7)
  4 hippogriffs
  3 yaks
  2 hungry ghosts
  4 porcupines (D:10)
  A soldier ant (D:8)
  A water moccasin (D:8)
  2 orc warriors
  4 sky beasts
  2 black bears (D:10)
  An ice beast (D:6)
  2 phantoms
  A necrophage (D:11)
  8 centaurs
  7 ogres
  2 big kobolds (D:8)
  5 bullfrogs
  3 scorpions
  6 killer bees
  5 wights (D:8)
  3 crimson imps
  A quasit (D:14)
  2 bullfrog skeletons
  2 centaur skeletons
  2 gnoll shamans
  9 orc priests
  3 orc wizards
  Crazy Yiuf (D:3)
  3 iguanas
  7 worker ants
  A killer bee zombie (D:5)
  A hound skeleton (D:9)
  A worker ant zombie (D:8)
  8 gnolls
  A howler monkey skeleton (D:5)
  11 adders
  3 shadow imps
  An adder skeleton (D:5)
  4 worms
  2 dart slugs
  2 leopard geckos
  30 orcs
  12 bats
  5 giant cockroaches
  8 hobgoblins
  5 jackals
  7 quokkas
  3 frilled lizards
  2 giant cockroach zombies (D:5)
  9 goblins
  8 kobolds
  6 rats
237 creatures vanquished.

Vanquished Creatures (others)
  21 fungi (D:10)
  3 plants (D:10)
24 creatures vanquished.

Grand Total: 261 creatures vanquished

Notes
Turn   | Place    | Note
-------+----------+-------------------------------------------
     0 | D:1      | Exodus22XD the Demonspawn Fighter began the quest for the
                  | Orb.
     0 | D:1      | Reached XP level 1. HP: 18/18 MP: 1/1
   233 | D:1      | Gained mutation: You regenerate a little health from kills.
                  | [demonic ancestry]
   233 | D:1      | Reached XP level 2. HP: 23/24 MP: 2/2
   740 | D:2      | Gained mutation: You have a pair of small horns on your
                  | head. [demonic ancestry]
   740 | D:2      | Reached XP level 3. HP: 17/29 MP: 3/3
   974 | D:2      | Noticed a phantom
  1541 | D:2      | Reached skill level 1 in Axes
  1644 | D:2      | Reached XP level 4. HP: 35/35 MP: 4/4
  1754 | D:3      | Noticed a centaur
  1783 | D:3      | Killed a centaur
  1783 | D:3      | Gained mutation: You regenerate health from kills. [demonic
                  | ancestry]
  1783 | D:3      | Reached XP level 5. HP: 10/42 MP: 5/5
  2161 | D:3      | Found a runed translucent door.
  2410 | D:3      | Found a deep blue altar of Sif Muna.
  2863 | D:3      | Noticed Crazy Yiuf
  3079 | D:3      | Killed Crazy Yiuf
  3079 | D:3      | Reached skill level 2 in Axes
  3143 | D:4      | Gained mutation: You are partially covered in yellow
                  | scales. (AC +2) [demonic ancestry]
  3143 | D:4      | Reached XP level 6. HP: 48/48 MP: 6/6
  3207 | D:4      | Found a hide-covered altar of Uskayaw.
  3208 | D:4      | Noticed a +0 hand axe
  3209 | D:4      | Noticed a +0 hand axe
  3221 | D:4      | Became a worshipper of Uskayaw the Reveler
  3265 | D:4      | Reached * piety under Uskayaw
  3526 | D:4      | Reached ** piety under Uskayaw
  3527 | D:4      | HP: 2/48 [ogre/+0 giant spiked club (18)]
  3817 | D:4      | Reached skill level 1 in Invocations
  4128 | D:4      | Found a stormy altar of Qazlal.
  4210 | D:5      | Entered Level 5 of the Dungeon
  4331 | D:5      | Noticed Prince Ribbit
  4361 | D:5      | Gained mutation: You are partially covered in sharp spines.
                  | [demonic ancestry]
  4361 | D:5      | Reached XP level 7. HP: 28/55 MP: 8/8
  4377 | D:5      | Reached *** piety under Uskayaw
  4382 | D:5      | Reached **** piety under Uskayaw
  4657 | D:5      | Reached skill level 5 in Armour
  4730 | D:5      | Reached skill level 3 in Axes
  4747 | D:5      | Found a snail-covered altar of Cheibriados.
  5166 | D:6      | Reached skill level 5 in Shields
  5166 | D:6      | Gained mutation: You have a pair of horns on your head.
                  | [demonic ancestry]
  5166 | D:6      | Reached XP level 8. HP: 61/61 MP: 10/10
  5255 | D:6      | Reached skill level 5 in Fighting
  5546 | D:6      | Found a staircase to the Ecumenical Temple.
  5995 | D:7      | Noticed a hippogriff
  6007 | D:7      | Killed a hippogriff
  6053 | D:7      | Killed Prince Ribbit
  6053 | D:7      | Reached skill level 4 in Axes
  6349 | D:7      | Reached XP level 9. HP: 65/69 MP: 12/12
  6857 | D:7      | Reached skill level 5 in Invocations
  7026 | D:8      | Got a jewelled leather armour
  7037 | D:8      | Identified the cursed +0 leather armour of Boredom {rElec
                  | MP+9 Str+3} (You found it on level 8 of the Dungeon)
  7078 | D:8      | Noticed a centaur warrior
  7080 | D:8      | Noticed a tengu warrior
  7376 | D:8      | Identified the Grimoire of Doomed Moulding
  7380 | D:8      | Identified Terag's Guide on Dark Ice
  7387 | D:8      | Reached skill level 5 in Axes
  7682 | D:8      | Reached ***** piety under Uskayaw
  7832 | D:8      | Noticed a deep elf mage
  7848 | D:8      | Killed a deep elf mage
  7848 | D:8      | Gained mutation: You have a pair of large horns on your
                  | head. [demonic ancestry]
  7848 | D:8      | Reached XP level 10. HP: 36/77 MP: 14/14
  7990 | D:8      | Found a roughly hewn altar of Beogh.
  8023 | D:8      | Killed a tengu warrior
  8023 | D:8      | Reached skill level 6 in Axes
  8036 | D:8      | Killed a centaur warrior
  8470 | D:8      | Reached skill level 7 in Axes
  8498 | D:8      | Identified a scroll of acquirement
  8700 | D:9      | Got a scorched scale mail
  8711 | D:9      | Identified the +7 scale mail of Jacwu {+Fly Str+5} (You
                  | found it on level 9 of the Dungeon)
  8805 | D:9      | Noticed a two-headed ogre
  8812 | D:9      | Killed a two-headed ogre
  8820 | D:9      | Reached skill level 8 in Axes
  8962 | D:9      | Found a hazy altar of Hepliaklqana.
  9029 | D:9      | Found a glowing silver altar of Zin.
  9045 | D:9      | Found a blossoming altar of Fedhas.
  9221 | D:10     | Entered Level 10 of the Dungeon
  9406 | D:10     | Gained mutation: You are mostly covered in yellow scales.
                  | (AC +3) [demonic ancestry]
  9406 | D:10     | Reached XP level 11. HP: 84/84 MP: 17/17
  9428 | D:10     | Found Caemier's Food Shop.
  9583 | D:10     | Found a staircase to the Lair.
  9593 | D:10     | Reached skill level 9 in Axes
  9618 | D:10     | You fall through a shaft for 3 floors!
  9619 | D:13     | Noticed a centaur warrior
  9887 | D:11     | Reached skill level 1 in Dodging
  9947 | D:11     | You fall through a shaft for 3 floors!
 10073 | D:14     | Noticed Agnes
 10078 | D:14     | Slain by Agnes

Skill      XL: |  1  2  3  4  5  6  7  8  9 10 11 |
---------------+----------------------------------+-----
Maces & Flails | 2 |  2.0
Armour         | 3 4 5 6 7 |  7.6
Shields        | 3 4 5 6 7 8 |  8.2
Axes           | 1 2 3 4 5 8 9 |  9.5
Fighting       | 4 5 6 7 |  7.4
Invocations    | 1 3 4 6 8 |  8.7
Dodging        | 1 |  1.0

Action                   |  1- 3 |  4- 6 |  7- 9 | 10-12 || total
-------------------------+-------+-------+-------+-------++-------
Melee: Flail             |   148 |   114 |   186 |       ||   448
       Hand axe          |    23 |    22 |       |       ||    45
       Headbutt          |    16 |    26 |    56 |    45 ||   143
       Broad axe         |       |       |    43 |   199 ||   242
       Morningstar       |       |       |    16 |       ||    16
Invok: Stomp             |       |     1 |     1 |       ||     2
       Line Pass         |       |       |     2 |     1 ||     3
  Use: Scroll            |       |     5 |     5 |     4 ||    14
 Stab: Paralysed         |       |       |    12 |    14 ||    26
       Confused          |       |       |     2 |     1 ||     3
  Eat: Chunk             |     3 |     8 |    12 |     7 ||    30
       Ration            |       |       |     1 |       ||     1
Armor: Scale mail        |    96 |    42 |   135 |   105 ||   378
Dodge: Dodged            |    76 |    48 |    71 |    61 ||   256
       Deflected         |       |       |    10 |     5 ||    15
Block: Shield            |   105 |    69 |   171 |   142 ||   487
